 Dungeon Crawl Stone Soup version 0.30.0 (webtiles) character file.

Game seed: 13466810672849912926

11 LobsterGuardian the Vexing (level 2, -1/11 HPs)
             Began as a Felid Enchanter on May 6, 2023.
             Was a Follower of Qazlal.
             Slain by a dart slug (3 damage)
             ... on level 1 of the Dungeon.
             The game lasted 00:01:27 (278 turns).

LobsterGuardian the Vexing (Felid Enchanter)         Turns: 278, Time: 00:01:27

Health: -1/11      AC:  1    Str:  4    XL:     2   Next: 13%
Magic:  4/6        EV: 17    Int: 16    God:    Qazlal [*.....]
Gold:   51         SH:  1    Dex: 16    Spells: 3/5 levels left
                                        Lives:  0   Deaths: 0

rFire   . .          .
                       - Unarmed
rCold   . . .        (shield unavailable)
rNeg    . . .        (body armour unavailable)
rPois   .            (helmet unavailable)
rElec   .            (cloak unavailable)
rCorr   .            (gloves unavailable)
SInv    +            (boots unavailable)
Will    .....        (no amulet)
Stlth   +++          (no ring)
HPRegen 0.21/turn    (no ring)
MPRegen 0.10/turn

%: no passive effects
@: quick
A: very small, claws 1, fangs 3, see invisible, speed 1, shaggy fur 1, stealthy
paws, no weapons or thrown items, no armour, multi-lived
a: Renounce Religion


You were on level 1 of the Dungeon.
You worshipped Qazlal.
Qazlal was aware of your devotion.
You visited 1 branch of the dungeon, and saw 1 of its levels.

You collected 51 gold pieces.

Inventory:

Scrolls
 b - a scroll of teleportation {unknown}
Potions
 a - a potion of invisibility
 c - a potion of might {unknown}


   Skills:
 - Level 2.6 Dodging
 - Level 4.2 Stealth
 + Level 1.0 Unarmed Combat
 + Level 2.1 Spellcasting
 * Level 5.0 Hexes
 * Level 0.2 Invocations


You had 3 spell levels left.
You knew the following spells:

 Your Spells              Type           Power      Damage    Failure   Level
a - Ensorcelled Hibernat  Hex/Ice        18%        N/A       11%         2

Your spell library contained the following spells:

 Spells                   Type           Power      Damage    Failure   Level
 Confusing Touch          Hex            17%        N/A       8%          3
 Tukima's Dance           Hex            17%        N/A       8%          3
 Dazzling Flash           Conj/Hex       18%        N/A       22%         3


Dungeon Overview and Level Annotations

Branches:
Dungeon (1/15)

Altars:
Qazlal


Innate Abilities, Weirdness & Mutations

You have sharp claws.
You have razor-sharp teeth.
You have supernaturally acute eyesight. (SInv)
You cover ground quickly. (Speed+)
You are covered in fur. (AC +1)
Your paws help you pounce on unaware monsters.
You are incapable of wielding weapons or throwing items.
You cannot wear armour.
You gain extra lives every three experience levels.


Message History

You flicker for a moment.
A kobold is nearby!
A kobold is nearby!
A kobold is nearby!
The kobold shouts!
You see here a quokka corpse.
The kobold looks drowsy...
The kobold shouts!
You catch the helpless kobold completely off-guard!
You claw the kobold!
You kill the kobold!
Qazlal accepts your kill.
You flicker back into view.
Magic restored.
You now have 25 gold pieces (gained 14).
You now have 38 gold pieces (gained 13).
b - a scroll labelled YPOAWN TABI
Things that are here:
a +0 whip; a kobold corpse You now have 49 gold pieces (gained 11).
You now have 51 gold pieces (gained 2).
Found a stone staircase leading down.
c - a white potion A dart slug comes into view.
The dart slug launches a dart at you. The slug dart hits you.
The dart slug looks drowsy...
The dart slug launches a dart at you. The slug dart hits you.
You are too injured to fight recklessly!
You are too injured to fight recklessly!
You scratch the dart slug. You claw the dart slug.
The dart slug is heavily wounded.
The dart slug launches a dart at you. The slug dart hits you.
* * * LOW HITPOINT WARNING * * *
You scratch the dart slug.
The dart slug is heavily wounded.
The dart slug bites you.
You die...

#.. #.. #.##.# #.##.#
#.##.# #.##.# #.##w#
#.##@# #.##.#
###########.##.#.##..
#>....................
#####.#####.####.##...
#..## #.# .# ##..# #.#
# #####.###.#
#.........# .#


You could see a dart slug.

Vanquished Creatures
  A dart slug (D:1)
  2 bats (D:1)
  A quokka (D:1)
  2 ball pythons (D:1)
  A goblin (D:1)
  A kobold (D:1)
  2 rats (D:1)
10 creatures vanquished.

Notes
Turn   | Place    | Note
-------+----------+-------------------------------------------
     0 | D:1      | LobsterGuardian the Felid Enchanter began the quest for the
                  | Orb.
     0 | D:1      | Reached XP level 1. HP: 7/7 MP: 4/4
   102 | D:1      | Found a faded altar of an unknown god.
   113 | D:1      | Prayed at the altar of an unknown god.
   113 | D:1      | Became a worshipper of Qazlal Stormbringer
   113 | D:1      | Reached * piety under Qazlal
   153 | D:1      | Reached XP level 2. HP: 8/11 MP: 6/6
   154 | D:1      | Reached skill level 5 in Hexes
   158 | D:1      | Learned a level 2 spell: Ensorcelled Hibernation
   278 | D:1      | Slain by a dart slug

Illustrated notes

Levels and vault maps discovered:
D:1:      co_arrival_random_square_maze, layout_basic, serial_shops,
          nicolae_shop_window_shopping, ebering_ecumenical_altar_sacrificial

Skill      XL: |  1  2 |
---------------+-------+-----
Hexes          | 5 |  5.0
Dodging        | |  2.6
Stealth        | |  4.2
Unarmed Combat | |  1.0
Spellcasting   | |  2.1
Invocations    | |  0.2

Action                     || total
---------------------------++-------
  Melee: Unarmed           ||    19
         Punch             ||     1
   Cast: Ensorcelled Hiber ||     3
    Use: Potion            ||     1
   Stab: Sleeping          ||     6
         Invisible         ||     2
 Armour: Skin              ||     1
  Dodge: Dodged            ||    12
